[Event "Team 45 45 League T54"]
[Site "Internet Chess Club"]
[Date "2012.09.17"]
[Round "5"]
[White "theartist"]
[Black "artspir"]
[Result "1-0"]
[WhiteElo "1149"]
[BlackElo "1189"]
[Opening "QGD Slav: 4.e3 Bf5"]
[ECO "D12"]
[Time "14:01:50"]
[TimeControl "2700+45"]

1. d4 c6 2. c4 d5 3. e3 Nf6 4. Nf3 Bf5 5. Nc3 e6 6. Bd3 Bb4 7. Bxf5 exf5 8. Qc2
g6 9. a3 Bxc3+ 10. Qxc3 O-O 11. O-O Nbd7 12. Qb3 Qc7 13. Re1 Rfe8 14. Bd2 c5 15.
cxd5 c4 16. Qb5 Nb6 17. Ba5 Rad8 18. Qc5 Nfxd5 19. Qxc7 Nxc7 20. Bxb6 axb6 21.
Rec1 b5 22. a4 Kg7 23. axb5 Nxb5 24. Rxc4 Nd6 25. Rc7 Kh6 26. Rac1 f4 27. Re1 g5
28. Ne5 Rf8 29. Nd7 Rfe8 30. Nc5 fxe3 31. Rxe3 Ra8 32. g3 Nc4 33. Rxe8 Rxe8 34.
Nxb7 Nxb2 35. Rxf7 Nd3 36. Nc5 Re1+ 37. Kg2 Nc1 38. Rf6+ Kg7 39. Rd6 Ne2 40.
Ne6+ Kh6 41. Nf4+ Kg7 42. Nxe2 Rxe2 43. d5 Rd2 44. Kf3 Kf7 45. Rd7+ Ke8 46. Rxh7
Rxd5 47. Kg4 Kf8 48. Rh5 Rd2 49. f4 Rd4 50. Rxg5 Kf7 51. h4 Kf6 52. h5 Rd7 53.
Rg6+ Kf7 54. Kg5 Rd8 55. h6 Rd5+ 56. f5 Rd3 57. g4 Rd8 58. Rg7+ Kf8 59. Kg6 Re8
60. h7 {Black resigns} 1-0

[Event "Team 45 45 League T54"]
[Site "Internet Chess Club"]
[Date "2012.09.17"]
[Round "5"]
[White "Grenadier"]
[Black "badmove"]
[Result "0-1"]
[WhiteElo "1697"]
[BlackElo "1787"]
[Opening "Ruy Lopez: closed, Bogolyubov variation"]
[ECO "C91"]
[Time "17:31:19"]
[TimeControl "2700+45"]

1. e4 e5 2. Nf3 Nc6 3. Bb5 a6 4. Ba4 Nf6 5. O-O Be7 6. Re1 b5 7. Bb3 d6 8. c3
O-O 9. d4 Bg4 10. Bg5 exd4 11. cxd4 Bxf3 12. gxf3 Nh5 13. f4 Bxg5 14. Qxh5 Bxf4
15. Bd5 Qd7 16. Qf3 g5 17. Rd1 Rae8 18. Nc3 Ne7 19. Kh1 c6 20. Bb3 Ng6 21. Rg1
Kh8 22. Bc2 Nh4 23. Qg4 Qxg4 24. Rxg4 Nf3 25. Ne2 h5 26. Rg2 Rg8 27. Rd1 Nh4 28.
Rgg1 Rg7 29. Ng3 Bxg3 30. Rxg3 g4 31. Rdg1 Nf3 32. R1g2 Ne1 33. Bd1 Nxg2 34.
Rxg2 Rxe4 35. Bb3 Re1+ 36. Rg1 Rxg1+ 37. Kxg1 Kg8 38. Kg2 h4 39. Bc2 Rg5 40. Be4
d5 41. Bd3 Kg7 42. a4 f5 43. axb5 axb5 44. h3 Kf6 45. hxg4 fxg4 46. Kh2 Ke7 47.
Bh7 Rg7 48. Bd3 Rf7 49. Kg2 Rf4 {White resigns} 0-1

[Event "Team 45 45 League T54"]
[Site "Internet Chess Club"]
[Date "2012.09.15"]
[Round "5"]
[White "Helaman"]
[Black "zepled37"]
[Result "1-0"]
[WhiteElo "1713"]
[BlackElo "1562"]
[Opening "QGD: Tarrasch, Prague variation, 9.Bg5"]
[ECO "D34"]
[Time "13:07:44"]
[TimeControl "2700+45"]

1. d4 d5 2. c4 e6 3. Nc3 c5 4. cxd5 exd5 5. Nf3 Nc6 6. g3 Nf6 7. Bg2 Be7 8. O-O
O-O 9. Bg5 cxd4 10. Nxd4 h6 11. Be3 Re8 12. Rc1 Bf8 13. Nxc6 bxc6 14. Na4 Bd7
15. Bc5 Bxc5 16. Nxc5 Bg4 17. Re1 Qe7 18. h3 Bf5 19. Kh2 Nd7 20. Nxd7 Bxd7 21.
e3 Qf6 22. Qd2 h5 23. Rc5 Rab8 24. b3 Qd6 25. Rec1 h4 26. e4 hxg3+ 27. fxg3 Qe6
28. exd5 cxd5 29. Rxd5 Bc8 30. Rd6 Qe2 31. Qxe2 Rxe2 32. Rd8+ Kh7 33. Rdxc8 Rxc8
34. Rxc8 Rxa2 35. Rc7 Kg6 36. g4 Rb2 37. Rxa7 Rxb3 38. Bd5 Rb2+ 39. Kg3 f6 40.
Be4+ Kh6 41. g5+ fxg5 42. Ra6+ Kh5 43. Bf3+ g4 44. Bxg4+ Kg5 45. h4# {Black
checkmated} 1-0

[Event "Team 45 45 League T54"]
[Site "Internet Chess Club"]
[Date "2012.09.18"]
[Round "5"]
[White "houseofcook"]
[Black "BrerRabbit"]
[Result "0-1"]
[WhiteElo "1416"]
[BlackElo "1491"]
[Opening "Pirc: classical, h3 system"]
[ECO "B08"]
[Time "14:02:53"]
[TimeControl "2700+45"]

1. e4 d6 2. d4 Nf6 3. Nc3 g6 4. Nf3 Bg7 5. h3 O-O 6. Be3 a6 7. a4 Nc6 8. Be2 e5
9. O-O Ne8 10. d5 Ne7 11. Qd2 f5 12. exf5 Nxf5 13. Bg5 Nf6 14. Qc1 Qe8 15. Bxf6
Bxf6 16. Bd3 Bd7 17. Ne4 Bg7 18. b3 Qe7 19. c4 Rac8 20. Ra2 a5 21. Rc2 b6 22.
Qd1 Bh6 23. Re1 Rf7 24. Be2 Rcf8 25. Bd3 Nh4 26. Nxh4 Qxh4 27. Rf1 Bf5 28. Ng3
Bxd3 29. Qxd3 Bf4 30. Ne4 Bh6 31. Qg3 Qxe4 {White resigns} 0-1

[Event "Team 45 45 League T54"]
[Site "Internet Chess Club"]
[Date "2012.09.16"]
[Round "5"]
[White "Skeptic1972"]
[Black "b-spot"]
[Result "1-0"]
[WhiteElo "1605"]
[BlackElo "1605"]
[Opening "Sicilian: closed"]
[ECO "B23"]
[Time "17:01:08"]
[TimeControl "2700+45"]

1. e4 c5 2. Nc3 d6 3. f4 g6 4. Nf3 Bg7 5. Bc4 Nc6 6. O-O Nf6 7. d3 O-O 8. Qe1
Nd4 9. Nxd4 cxd4 10. Ne2 d5 11. exd5 Nxd5 12. Ng3 Ne3 13. Bxe3 dxe3 14. c3 Qb6
15. Rb1 Bd7 16. d4 Rac8 17. Bd3 Qe6 18. a3 Bc6 19. f5 gxf5 20. Bxf5 Qd5 21. Be4
Qe6 22. Bxc6 Rxc6 23. Rf3 Bh6 24. Nf5 Kh8 25. Nxh6 Qxh6 26. Qxe3 Qg6 27. Rbf1
Re6 28. Qf2 f6 29. Rg3 Qe4 30. Qf5 Qxf5 31. Rxf5 Re2 32. Rb5 b6 33. Kf1 Rc2 34.
h3 e5 35. dxe5 fxe5+ 36. Rf3 Re8 37. Rf2 Rc1+ 38. Ke2 Rc2+ 39. Ke3 Rc1 40. Rd5
Re1+ 41. Kd2 Rb1 42. Kc2 Re1 43. Rd1 Re4 44. Rd7 Ra4 45. Rff7 e4 46. Rxh7+ Kg8
47. Rdg7+ Kf8 48. Rh8+ Kxg7 49. Rxe8 Kf7 50. Rd8 Ra5 51. Rd4 Re5 52. Kd2 Kf6 53.
Ke3 Rg5 54. g4 {Black resigns} 1-0

[Event "Team 45 45 League T54"]
[Site "Internet Chess Club"]
[Date "2012.09.17"]
[Round "5"]
[White "N3QW"]
[Black "clarinetref"]
[Result "0-1"]
[WhiteElo "1377"]
[BlackElo "1678"]
[Opening "Sicilian: Najdorf, Lipnitzky attack"]
[ECO "B86"]
[Time "11:04:17"]
[TimeControl "2700+45"]

1. e4 c5 2. Nf3 d6 3. d4 cxd4 4. Nxd4 Nf6 5. Nc3 a6 6. Bc4 e6 7. f3 Qc7 8. Be2
Nc6 9. Be3 Be7 10. Qd2 O-O 11. O-O-O b5 12. a3 Bb7 13. g4 Nxd4 14. Bxd4 Nd7 15.
h4 d5 16. Be3 b4 17. axb4 Bxb4 18. Qd3 Nc5 19. Bxc5 Qxc5 20. exd5 Bxc3 21. Qxc3
Qxc3 22. bxc3 Bxd5 23. c4 Bc6 24. Rd2 a5 25. c3 a4 26. Ra2 Rfb8 27. Kc2 a3 28.
Rb1 Ba4+ 29. Kc1 Rxb1+ 30. Kxb1 Bb3 31. Rd2 g6 32. Bd3 Kg7 33. g5 Rd8 34. Ka1
Bxc4 {White resigns} 0-1

[Event "Team 45 45 League T54"]
[Site "Internet Chess Club"]
[Date "2012.09.17"]
[Round "5"]
[White "PostMike"]
[Black "vigneshv"]
[Result "0-1"]
[WhiteElo "1478"]
[BlackElo "1621"]
[Opening "French: classical, Steinitz variation"]
[ECO "C14"]
[Time "18:00:39"]
[TimeControl "2700+45"]

1. e4 e6 2. d4 d5 3. Nc3 Nf6 4. Bg5 Be7 5. e5 Nfd7 6. Bxe7 Qxe7 7. f4 a6 8. Qg4
f5 9. Qh5+ g6 10. Qh3 c5 11. Nf3 Nc6 12. O-O-O b5 13. g4 b4 14. Na4 c4 15. gxf5
exf5 16. Qh4 Qxh4 17. Nxh4 Nf8 18. Nc5 Ne6 19. Nxe6 Bxe6 20. Nf3 h6 21. h4 a5
22. Kd2 a4 23. Be2 b3 24. a3 bxc2 25. Kxc2 Na5 26. Rhg1 Kf7 27. Rg2 Rhg8 28. Nd2
Rab8 29. Rg3 Rb6 30. h5 g5 31. fxg5 hxg5 32. h6 Kg6 33. Rh1 Rh8 34. Rgh3 g4 35.
Rh5 Rb7 36. Nb1 Rbh7 37. Nc3 Rxh6 38. Rxh6+ Rxh6 39. Rxh6+ Kxh6 40. Nxa4 g3 41.
Bf3 f4 42. Kd2 Nb3+ 43. Ke1 Nxd4 44. Nc5 Nxf3+ {White resigns} 0-1

[Event "Team 45 45 League T54"]
[Site "Internet Chess Club"]
[Date "2012.09.15"]
[Round "5"]
[White "fireball"]
[Black "room-matt"]
[Result "0-1"]
[WhiteElo "1683"]
[BlackElo "1811"]
[Opening "KGA: Fischer defense"]
[ECO "C34"]
[Time "11:10:53"]
[TimeControl "2700+45"]

1. e4 e5 2. f4 exf4 3. Nf3 d6 4. Bc4 Bg4 5. d4 g5 6. h4 gxh4 7. Bxf4 Bg7 8. c3
Qf6 9. Bg5 Qg6 10. Bxh4 Qxe4+ 11. Kf2 Bxf3 12. gxf3 Qf5 13. Re1+ Kf8 14. Qe2 Nd7
15. Be7+ Nxe7 16. Qxe7+ Kg8 17. Na3 h5 18. Re3 d5 19. Bd3 Qh3 20. Rg1 Nf6 21.
Qxf6 Qh2+ 22. Rg2 Qxg2+ 23. Kxg2 Bxf6 24. Nb5 h4 25. Nxc7 h3+ 26. Kh2 Rd8 27.
Re8+ Rxe8 28. Nxe8 Bg5 29. Kh1 Rh5 30. Nd6 b6 31. Nf5 Bf4 32. Ne7+ Kg7 33. Bf1
h2 34. b3 Kf6 35. Nc6 Bd2 36. c4 dxc4 37. bxc4 Be3 38. d5 a6 39. a4 Bf4 40. Nb8
Bxb8 {White resigns} 0-1

[Event "Team 45 45 League T54"]
[Site "Internet Chess Club"]
[Date "2012.09.15"]
[Round "5"]
[White "mellizas2003"]
[Black "Insan996"]
[Result "1-0"]
[WhiteElo "1706"]
[BlackElo "1625"]
[Opening "Sicilian: Pelikan, Chelyabinsk variation"]
[ECO "B33"]
[Time "15:01:32"]
[TimeControl "2700+45"]

1. e4 c5 2. Nf3 Nc6 3. d4 cxd4 4. Nxd4 Nf6 5. Nc3 e5 6. Ndb5 d6 7. Bg5 a6 8. Na3
b5 9. Nd5 Be7 10. Bxf6 Bxf6 11. c4 b4 12. Nc2 a5 13. Nce3 Be6 14. Be2 Nd4 15.
O-O a4 16. Nxb4 Qb6 17. Nbd5 Qxb2 18. Nxf6+ gxf6 19. Bd3 O-O 20. f4 f5 21. exf5
Bd7 22. f6 Qb7 23. Bxh7+ Kh8 24. Qh5 Ne6 25. Be4+ Kg8 26. Qh7# {Black
checkmated} 1-0

[Event "Team 45 45 League T54"]
[Site "Internet Chess Club"]
[Date "2012.09.16"]
[Round "5"]
[White "nidusin2"]
[Black "chrisgianno"]
[Result "0-1"]
[WhiteElo "1578"]
[BlackElo "1679"]
[Opening "Sicilian: Smith-Morra gambit"]
[ECO "B21"]
[Time "08:55:25"]
[TimeControl "2700+45"]

1. e4 c5 2. d4 cxd4 3. c3 dxc3 4. Nxc3 Nc6 5. Nf3 d6 6. Bc4 Bd7 7. O-O Qa5 8.
Qe2 h6 9. Rd1 Nf6 10. Nd5 Ng4 11. Bd2 Qd8 12. Bf4 g5 13. Bg3 Bg7 14. h3 Nge5 15.
Nxe5 Nxe5 16. Bxe5 Bxe5 17. Qh5 e6 18. Nc3 Qf6 19. Nb5 Ke7 20. Rd2 Bxb5 21. Bxb5
Bxb2 22. Rad1 Be5 23. Rd3 Rac8 24. Qe2 Rhd8 25. Qe3 b6 26. Ra3 Rc2 27. Rxa7+ Kf8
28. Qxb6 Rdc8 29. Ba6 R8c6 30. Ra8+ Kg7 31. Qb8 Qxf2+ {White resigns} 0-1

[Event "Team 45 45 League T54"]
[Site "Internet Chess Club"]
[Date "2012.09.16"]
[Round "5"]
[White "DutchBird"]
[Black "monkeyshark"]
[Result "1-0"]
[WhiteElo "1445"]
[BlackElo "1469"]
[Opening "Bishop's opening: Ponziani gambit"]
[ECO "C24"]
[Time "19:01:52"]
[TimeControl "2700+45"]

1. e4 e5 2. Bc4 Nf6 3. d4 d6 4. dxe5 Nxe4 5. Qd5 Ng5 6. exd6 Be6 7. Qxg5 Qxg5 8.
Bxg5 Bxc4 9. dxc7 Nc6 10. Nc3 Bd6 11. O-O-O Bxc7 12. Nf3 O-O 13. h4 h6 14. Be3
Rad8 15. Rxd8 Rxd8 16. Rd1 Rxd1+ 17. Kxd1 Kh7 18. b3 Be6 19. Nb5 Bb6 20. Bxb6
axb6 21. Nd6 Na5 22. c4 Kg6 23. Kd2 Kf6 24. Ke3 g5 25. hxg5+ hxg5 26. Nd4 Bd7
27. Ne4+ Kg6 28. Nc3 Nc6 29. Nd5 Nxd4 30. Kxd4 b5 31. cxb5 Bxb5 32. Ke5 Bf1 33.
g3 Bg2 34. Ne3 f6+ 35. Kd4 Bf3 36. a4 f5 37. Ke5 Be4 38. f3 Bxf3 39. Nxf5 Bd1
40. a5 Bxb3 41. Nd6 Ba4 42. Nxb7 Bc6 43. Nc5 Kh5 44. Kf5 {Black forfeits on
time} 1-0

[Event "Team 45 45 League T54"]
[Site "Internet Chess Club"]
[Date "2012.09.13"]
[Round "5"]
[White "ticopatzer"]
[Black "SymbolicJester"]
[Result "0-1"]
[WhiteElo "1713"]
[BlackElo "1813"]
[Opening "Catalan: closed"]
[ECO "E01"]
[Time "20:04:44"]
[TimeControl "2700+45"]

1. d4 d5 2. c4 Nf6 3. g3 e6 4. Bg2 Bb4+ 5. Nc3 O-O 6. a3 Bxc3+ 7. bxc3 c6 8.
cxd5 cxd5 9. Bg5 Nbd7 10. e3 h6 11. Bxf6 Nxf6 12. Ne2 Re8 13. O-O e5 14. Qc2 e4
15. c4 Be6 16. cxd5 Bxd5 17. Nc3 Rc8 18. Rfc1 Re6 19. Bh3 Qe8 20. Bxe6 Qxe6 21.
Kg2 Qf5 22. Nxd5 Qf3+ 23. Kg1 Rxc2 24. Rxc2 Nxd5 25. Rc5 Nxe3 26. fxe3 Qxe3+ 27.
Kg2 Qf3+ 28. Kh3 f5 29. Re5 g5 30. Rc1 g4+ 31. Kh4 Qf2 32. Kh5 Kg7 33. Rc7+ Kf6
34. Rce7 Qxh2# {White checkmated} 0-1

[Event "Team 45 45 League T54"]
[Site "Internet Chess Club"]
[Date "2012.09.16"]
[Round "5"]
[White "amicusUK"]
[Black "Frankly"]
[Result "1/2-1/2"]
[WhiteElo "1638"]
[BlackElo "1771"]
[Opening "Queen's pawn: stonewall attack"]
[ECO "A45"]
[Time "12:01:22"]
[TimeControl "2700+45"]

1. d4 Nf6 2. e3 d5 3. Bd3 c5 4. c3 Nc6 5. Nf3 Bg4 6. Nbd2 Qd7 7. h3 Bf5 8. Bb5
e6 9. g4 Be4 10. Ne5 Qc7 11. f3 Bg6 12. Nb3 Be7 13. h4 h5 14. g5 Nd7 15. f4
Ncxe5 16. fxe5 O-O 17. Be2 Be4 18. Rf1 g6 19. Nd2 Bf5 20. Bxh5 gxh5 21. Rxf5
exf5 22. Qxh5 Nxe5 23. dxe5 Qxe5 24. Qf3 Bd6 25. Nf1 Rfe8 26. Bd2 d4 27. O-O-O
dxc3 28. Bxc3 Qe6 29. h5 Be5 30. Bxe5 Qxe5 31. g6 fxg6 32. hxg6 Rad8 33. Rxd8
Rxd8 34. Qxb7 Qg7 35. Qc6 Qd7 36. Qxd7 Rxd7 37. Ng3 Rd5 38. e4 fxe4 39. Nxe4 Kg7
40. Nc3 Re5 41. Nb5 a5 42. Nd6 a4 43. b3 axb3 44. axb3 Kxg6 45. Kc2 Rd5 46. Ne4
Kf5 47. Nc3 Re5 48. Kd3 Re1 49. Kc4 Rc1 50. b4 cxb4 51. Kxb4 Ke5 52. Nb5 Kd5 53.
Nc3+ Kc6 54. Ne2 Re1 55. Nd4+ Kd5 56. Nc2 Re2 57. Na3 Re4+ 58. Kb3 Kc5 59. Nc2
Re2 60. Kc3 Rh2 61. Kd3 Rg2 62. Ne3 Rg1 63. Ke4 Rg8 64. Kd3 Re8 65. Nc2 Re7 66.
Kc3 Re4 67. Kd3 Re7 68. Kc3 Kd5 69. Kd3 Kc5 70. Kc3 Rd7 71. Ne3 Kb5 72. Nc2 Ka4
73. Nd4 Ka3 74. Nb5+ Ka2 75. Nd4 Rc7+ 76. Kd3 Kb2 77. Kd2 Rc3 78. Ne2 Rh3 79.
Nd4 Rh2+ 80. Kd3 Rh4 81. Kc4 Rg4 82. Kd3 Ka3 83. Kc4 Kb2 84. Kd3 Kc1 85. Ne2+
Kd1 86. Nd4 Rg8 {Game drawn by mutual agreement} 1/2-1/2

[Event "Team 45 45 League T54"]
[Site "Internet Chess Club"]
[Date "2012.09.19"]
[Round "5"]
[White "julesraider"]
[Black "PaulRichard"]
[Result "1-0"]
[WhiteElo "1594"]
[BlackElo "1479"]
[Opening "QGD: Cambridge Springs defense, Bogolyubov variation"]
[ECO "D52"]
[Time "20:01:19"]
[TimeControl "2700+45"]

1. d4 e6 2. c4 Nf6 3. Nc3 d5 4. Nf3 Nbd7 5. Bg5 c6 6. e3 Qa5 7. Nd2 Bb4 8. Qc2
O-O 9. Nb3 Bxc3+ 10. bxc3 Qc7 11. Bd3 dxc4 12. Bxc4 h6 13. Bh4 b5 14. Bd3 a5 15.
O-O a4 16. Nd2 Ba6 17. c4 bxc4 18. Nxc4 Bxc4 19. Bxc4 Qa5 20. Rfb1 Rfb8 21. h3
c5 22. dxc5 Rxb1+ 23. Rxb1 Qxc5 24. Rb5 Qc6 25. Bd3 Qxc2 26. Bxc2 Rc8 27. Bxa4
Rc4 28. Bxf6 Rxa4 29. Bd4 Rxa2 30. f4 Kf8 31. Rb7 Nf6 32. Bc5+ Ke8 33. Re7+ Kd8
34. Rxf7 Ne4 35. Bb6+ Ke8 36. Rxg7 Ra1+ 37. Kh2 Ra6 38. Bd4 Ra2 39. Rh7 h5 40.
Rxh5 Kf7 41. Rh7+ Ke8 42. h4 Nd6 43. h5 Nf5 44. h6 Nxd4 45. exd4 Kf8 46. Rg7 Rd2
47. Kh3 Rxd4 48. g3 Rd1 49. Kg4 Rd5 50. Kh4 Rf5 51. Kg4 Rd5 52. Rb7 Kg8 53. Re7
Rd6 54. Kg5 Rd3 55. g4 Rd6 56. Kh5 Rd4 57. Rxe6 Rxf4 58. g5 Rf5 59. Kg6 Rf8 60.
Rf6 Ra8 61. Re6 Rf8 62. Kh5 Kh8 63. g6 Kg8 64. Kg5 Ra8 65. Rf6 Ra5+ 66. Rf5 Ra8
67. g7 Rb8 68. Rf6 Rb5+ 69. Kg6 {Black resigns} 1-0

[Event "Team 45 45 League T54"]
[Site "Internet Chess Club"]
[Date "2012.09.16"]
[Round "5"]
[White "Check101"]
[Black "rayngrant"]
[Result "0-1"]
[WhiteElo "1530"]
[BlackElo "1571"]
[Opening "Ruy Lopez: closed defense"]
[ECO "C84"]
[Time "22:04:48"]
[TimeControl "2700+45"]

1. e4 e5 2. Nf3 Nc6 3. Bb5 a6 4. Ba4 Nf6 5. O-O Be7 6. d3 b5 7. Bb3 O-O 8. c3 d5
9. exd5 Nxd5 10. Re1 Bg4 11. h3 Bh5 12. Nbd2 Nf4 13. Ne4 Nxd3 14. Re3 Nxc1 15.
Qxc1 Kh8 16. Ng3 Bg6 17. Nxe5 Nxe5 18. Rxe5 Bd6 19. Rd5 c6 20. Rd2 Qc7 21. Ne2
c5 22. Qd1 Rad8 23. a4 c4 24. Ba2 Bd3 25. Nd4 Bf4 26. Rxd3 cxd3 27. Qxd3 bxa4
28. Qxa6 Ra8 29. Qd3 Qb6 30. Rb1 Rad8 31. Qc2 Qa5 32. g3 Be5 33. Nc6 Qc5 34.
Nxd8 Rxd8 35. Kg2 Qc6+ 36. Kh2 Qf3 37. Re1 f6 38. Kg1 Bxg3 39. fxg3 Qxg3+ 40.
Kf1 Qxh3+ 41. Qg2 Qf5+ 42. Kg1 Qc5+ 43. Kh2 Qh5+ 44. Qh3 Rd2+ 45. Kg3 Rd3+
{White resigns} 0-1

[Event "Team 45 45 League T54"]
[Site "Internet Chess Club"]
[Date "2012.09.16"]
[Round "5"]
[White "nanning"]
[Black "rookmaster23"]
[Result "1-0"]
[WhiteElo "1652"]
[BlackElo "1613"]
[Opening "King's Indian: fianchetto, classical variation, 8.e4"]
[ECO "E68"]
[Time "14:50:02"]
[TimeControl "2700+45"]

1. d4 Nf6 2. c4 g6 3. g3 Bg7 4. Nf3 d6 5. Bg2 O-O 6. Nc3 Nbd7 7. O-O e5 8. e4
exd4 9. Nxd4 Re8 10. f4 Nc5 11. Re1 a5 12. Nb3 Be6 13. Nxc5 dxc5 14. e5 Ng4 15.
b3 Qxd1 16. Rxd1 Rad8 17. h3 Nh6 18. Bxb7 Bxh3 19. Nd5 Nf5 20. Bc6 Rf8 21. Kf2
Nd4 22. Ne7+ Kh8 23. Bd5 Be6 24. Bb2 Nc2 25. Rac1 Nb4 26. a3 Nxd5 27. cxd5 Bg4
28. Rd2 Rb8 29. Rxc5 Rxb3 30. Nc6 Ra8 31. Rxa5 Rxa5 32. Nxa5 Rf3+ 33. Kg2 Bf8
34. d6 cxd6 35. exd6+ Kg8 36. d7 {Black resigns} 1-0

[Event "Team 45 45 League T54"]
[Site "Internet Chess Club"]
[Date "2012.09.16"]
[Round "5"]
[White "sdcohle"]
[Black "tryanything"]
[Result "0-1"]
[WhiteElo "1430"]
[BlackElo "1599"]
[Opening "Queen's pawn game"]
[ECO "D00"]
[Time "20:00:48"]
[TimeControl "2700+45"]

1. d4 Nf6 2. Nc3 d5 3. Nf3 e6 4. Bg5 c5 5. e4 Be7 6. Bxf6 Bxf6 7. dxc5 Bxc3+ 8.
bxc3 dxe4 9. Qxd8+ Kxd8 10. Rd1+ Ke7 11. Ne5 Nc6 12. Nxc6+ bxc6 13. Be2 Rd8 14.
O-O Rxd1 15. Rxd1 Bd7 16. Bc4 Rb8 17. Bb3 Rb5 18. Rd4 Rxc5 19. Rxe4 h5 20. h4 g6
21. c4 f5 22. Re3 e5 23. f3 Be6 24. Rc3 Kd6 25. Kf2 Kc7 26. Ke3 Kb6 27. a4 Ka5
28. g3 Kb4 29. Kd3 e4+ 30. fxe4 fxe4+ 31. Kd4 Bf5 32. Re3 Ra5 33. Rc3 c5+ 34.
Ke3 Kxc3 35. Ke2 Kb4 36. Ke3 Rxa4 37. Bxa4 Kxa4 38. c3 Kb3 39. Kd2 Kb2 40. Ke3
a5 41. Kf4 a4 42. Ke5 a3 43. Kd5 a2 44. Kxc5 Kxc3 45. Kd5 a1=Q 46. c5 e3 47. c6
e2 48. c7 e1=Q 49. c8=Q+ Bxc8 50. g4 Qa5+ 51. Kd6 Qe6# {White checkmated} 0-1

[Event "Team 45 45 League T54"]
[Site "Internet Chess Club"]
[Date "2012.09.15"]
[Round "5"]
[White "JohLeb"]
[Black "smsxman"]
[Result "1-0"]
[WhiteElo "1415"]
[BlackElo "1458"]
[Opening "QGD: 4.Nf3"]
[ECO "D37"]
[Time "20:00:23"]
[TimeControl "2700+45"]

1. d4 d5 2. c4 Nf6 3. Nc3 e6 4. Nf3 Nc6 5. a3 Be7 6. Bg5 O-O 7. e3 a6 8. Bd3 Re8
9. O-O Na7 10. Qc2 g6 11. Rfe1 Bf8 12. Rad1 Bg7 13. e4 dxe4 14. Nxe4 c6 15. Ne5
b5 16. c5 Bb7 17. Nd6 Re7 18. Qc1 Nc8 19. Nxc8 Rxc8 20. Qf4 Nd5 21. Bxe7 Qxe7
22. Qf3 Rd8 23. Be4 f6 24. Bxd5 cxd5 25. Ng4 Rf8 26. b4 Bc6 27. Qe3 Bd7 28. Rc1
e5 29. h3 h5 30. Nh2 e4 31. f3 Bf5 32. g4 Bc8 33. fxe4 dxe4 34. Qxe4 Qd7 35. d5
hxg4 36. Qe6+ Qxe6 37. dxe6 gxh3 38. Rcd1 Re8 39. e7 Kf7 40. Rd8 f5 41. Nf3 Bf6
42. Rxe8 Kxe8 43. Ne5 g5 44. c6 Kxe7 45. Nd7+ Kf7 46. Nxf6 Kxf6 47. Re8 Be6 48.
c7 Kf7 49. Rxe6 Kxe6 50. c8=Q+ {Black resigns} 1-0

[Event "Team 45 45 League T54"]
[Site "Internet Chess Club"]
[Date "2012.09.16"]
[Round "5"]
[White "Just-Jim"]
[Black "theartist"]
[Result "1-0"]
[WhiteElo "1387"]
[BlackElo "1129"]
[Opening "French defense"]
[ECO "C00"]
[Time "13:01:56"]
[TimeControl "2700+45"]

1. e4 e6 2. Nf3 d5 3. e5 c5 4. Bb5+ Bd7 5. Bxd7+ Nxd7 6. d3 Ne7 7. Bg5 h6 8. Bf4
Nf5 9. O-O Be7 10. h3 Bh4 11. g3 Be7 12. d4 Qb6 13. dxc5 Qxb2 14. Nbd2 Qc3 15.
g4 Nh4 16. Nxh4 Bxh4 17. Qf3 Qxc5 18. Qb3 b6 19. Be3 Qc7 20. f4 O-O 21. Nf3 Be7
22. Kg2 Nc5 23. Bxc5 Qxc5 24. h4 Qc4 25. Qxc4 dxc4 26. a4 Bc5 27. Nd2 Bd4 28.
Rab1 Rfc8 29. Ne4 Rc5 30. Nxc5 Bxc5 31. Rf3 Rd8 32. Kh3 Rd2 33. Rc3 Rd4 34. f5
exf5 35. gxf5 Re4 36. a5 Bf2 37. axb6 Bxb6 38. Rb5 Bd4 39. Rxc4 {Black resigns}
1-0

[Event "Team 45 45 League T54"]
[Site "Internet Chess Club"]
[Date "2012.09.16"]
[Round "5"]
[White "bmw2002"]
[Black "clarinetref"]
[Result "0-1"]
[WhiteElo "1596"]
[BlackElo "1673"]
[Opening "English: ultra-symmetrical variation"]
[ECO "A36"]
[Time "23:12:11"]
[TimeControl "2700+45"]

1. c4 c5 2. g3 g6 3. Bg2 Bg7 4. Nc3 Nc6 5. d3 e6 6. e4 Nge7 7. Nge2 O-O 8. O-O
a6 9. Rb1 b6 10. a3 a5 11. Bf4 Ba6 12. Nb5 Bxb5 13. cxb5 Ne5 14. b3 d5 15. d4
cxd4 16. exd5 Nxd5 17. Qxd4 Nf3+ 18. Bxf3 Bxd4 19. Nxd4 Nxf4 20. gxf4 Qxd4
{White resigns} 0-1

[Event "Team 45 45 League T54"]
[Site "Internet Chess Club"]
[Date "2012.09.16"]
[Round "5"]
[White "PostMike"]
[Black "Mitochondria"]
[Result "1-0"]
[WhiteElo "1489"]
[BlackElo "1447"]
[Opening "Sicilian: Grand Prix attack"]
[ECO "B23"]
[Time "15:02:19"]
[TimeControl "2700+45"]

1. e4 c5 2. Nc3 Nc6 3. f4 e5 4. d3 Nf6 5. Nf3 Be7 6. fxe5 Ng4 7. Bf4 Qc7 8. Nd5
Qb8 9. e6 Nge5 10. exf7+ Kxf7 11. Nxe5+ Nxe5 12. Qh5+ Kf8 13. Nxe7 Nxd3+ 14.
cxd3 Qxf4 15. Qf5+ Qxf5 16. Nxf5 d5 17. Nd6 dxe4 18. Nxc8 Rxc8 19. dxe4 Ke7 20.
Bc4 Rhf8 21. Rf1 Rcd8 22. Rxf8 Kxf8 23. Bd5 b6 24. Ke2 Ke7 25. Rf1 Rd7 26. Rf7+
Kd6 27. Rxd7+ Kxd7 28. Kf3 a5 29. a4 Ke7 30. Kf4 h6 31. Kf5 Kd6 32. Kg6 Ke5 33.
b3 h5 34. Kxh5 Kf6 35. Kg4 Ke5 36. Kg5 Kd4 37. Kg6 Kc3 38. Kxg7 c4 39. Bxc4
{Black resigns} 1-0

[Event "Team 45 45 League T54"]
[Site "Internet Chess Club"]
[Date "2012.09.16"]
[Round "5"]
[White "Zyme"]
[Black "jjaillet2007"]
[Result "0-1"]
[WhiteElo "1277"]
[BlackElo "1337"]
[Opening "QGD: Semi-Tarrasch defense, Pillsbury variation"]
[ECO "D40"]
[Time "16:05:22"]
[TimeControl "2700+45"]

1. d4 d5 2. c4 e6 3. Nc3 Nf6 4. Nf3 c5 5. Bg5 Nbd7 6. cxd5 exd5 7. Nxd5 h6 8.
Nxf6+ Nxf6 9. Bh4 Be7 10. e3 cxd4 11. Bb5+ Bd7 12. Bxd7+ Nxd7 13. Bxe7 Qxe7 14.
Qxd4 O-O 15. O-O Rfd8 16. Qh4 Qxh4 17. Nxh4 g6 18. Rac1 Rac8 19. Rxc8 Rxc8 20.
g3 Rc2 21. Rb1 Nc5 22. a3 Nd3 23. b3 Nxf2 24. Nf3 Nh3+ 25. Kf1 Rf2+ {White
resigns} 0-1

[Event "Team 45 45 League T54"]
[Site "Internet Chess Club"]
[Date "2012.09.13"]
[Round "5"]
[White "Aquaman"]
[Black "AlPearson"]
[Result "0-1"]
[WhiteElo "1268"]
[BlackElo "1276"]
[Opening "Réti: King's Indian attack"]
[ECO "A05"]
[Time "15:12:07"]
[TimeControl "2700+45"]

1. Nf3 Nf6 2. g3 g6 3. Bg2 Bg7 4. O-O O-O 5. d3 d6 6. e4 e5 7. Nbd2 Nh5 8. c3
Nc6 9. Re1 Kh8 10. Nf1 f5 11. exf5 Bxf5 12. Ne3 Qd7 13. Nxf5 Qxf5 14. Rf1 Rae8
15. h3 Nf6 16. Nh4 Qd7 17. Be3 a6 18. Qd2 Rf7 19. Bh6 Ref8 20. Bxg7+ Kxg7 21.
Nf3 h6 22. Qc2 Nh5 23. Nh2 b5 24. a3 Nd8 25. Ng4 Nf6 26. Ne3 Ne6 27. Kh2 Ng5 28.
g4 h5 29. gxh5 Nxh5 30. Ng4 Nf4 31. f3 Qf5 32. Rad1 Rh8 33. Nf2 Nxg2 34. Kxg2
Qxf3+ 35. Kh2 Rf4 36. Rd2 Rfh4 37. Rh1 Rxh3+ 38. Nxh3 Rxh3+ 39. Kg1 Rxh1# {White
checkmated} 0-1

[Event "Team 45 45 League T54"]
[Site "Internet Chess Club"]
[Date "2012.09.16"]
[Round "5"]
[White "FourKnights"]
[Black "charles-allen"]
[Result "1-0"]
[WhiteElo "1788"]
[BlackElo "1879"]
[Opening "QGD: Tarrasch defense"]
[ECO "D32"]
[Time "20:03:32"]
[TimeControl "2700+45"]

1. d4 d5 2. c4 e6 3. Nf3 c5 4. cxd5 exd5 5. Nc3 Nc6 6. Bf4 Nf6 7. e3 c4 8. Be2
Bb4 9. O-O O-O 10. Bg5 Bxc3 11. bxc3 h6 12. Bh4 Bf5 13. Ne5 Qd6 14. Bg3 Ne4 15.
Nxc6 Qxc6 16. Qc1 Nxg3 17. hxg3 b5 18. a3 a5 19. Qb2 Rfb8 20. Bd1 Rb6 21. Bc2 b4
{Black resigns} 1-0